 Dungeon Crawl Stone Soup version 0.28.0-53-g5a82cb258f (webtiles) character file.

Game seed: 4903158433071801237

419 Jerry the Skirmisher (level 6, 0/56 HPs)
             Began as a Ghoul Fighter on July 8, 2022.
             Slain by a vampire mosquito (9 damage)
             ... on level 4 of the Dungeon.
             The game lasted 00:10:02 (3936 turns).

Jerry the Skirmisher (Ghoul Fighter)                Turns: 3936, Time: 00:10:03

Health: 0/56       AC:  4    Str: 26    XL:     6   Next: 93%
Magic:  5/5        EV: 10    Int:  5    God:
Gold:   100        SH:  4    Dex:  6    Spells: 5/5 levels left

rFire   . . .      SeeInvis +     - Unarmed
rCold   + . .      Faith    .   b - +0 buckler
rNeg    + + +      Spirit   .   r - +1 robe of Divine Intervention {rN+++ Regen+ Dex-2}
rPois   ∞          Reflect  .   (no helmet)
rElec   .          Harm     .   (no cloak)
rCorr   .          Rampage  .   (no gloves)
Will    .....                   h - +0 pair of boots
Stlth   +.........              (no amulet)
HPRegen 0.00/turn               q - ring of see invisible
MPRegen 0.09/turn               s - +6 ring of strength

@: inhibited regen
A: claws 1, cold resistance 1, negative energy resistance 3, inhibited
regeneration, torment resistance 2
a: no special abilities


You were on level 4 of the Dungeon.
You visited 1 branch of the dungeon, and saw 5 of its levels.

You collected 100 gold pieces.

Inventory:

Hand Weapons
 j - a +3 vorpal short sword
Missiles
 k - 3 javelins (quivered)
Armour
 a - a +0 scale mail
 b - a +0 buckler (worn)
 h - a +0 pair of boots (worn)
 r - the +1 robe of Divine Intervention (worn) {rN+++ Regen+ Dex-2}
   (You found it on level 4 of the Dungeon)

   Dex:       It affects your dexterity (-2).
   rN:        It renders you almost immune to negative energy.
   Regen:     It increases your rate of health regeneration.
Jewellery
 q - a ring of see invisible (left claw)
 s - a +6 ring of strength (right claw)
Wands
 p - a wand of polymorph (11)
Scrolls
 f - 2 scrolls of magic mapping
 i - a scroll of teleportation
Potions
 c - a potion of might
 o - a potion of attraction
 t - a potion of flight
 v - a potion of invisibility
 w - a potion of brilliance


   Skills:
 + Level 5.0 Fighting
 + Level 4.1 Armour
 + Level 4.1 Shields
 + Level 4.3 Unarmed Combat


You had 5 spell levels left.
You didn't know any spells.
Your spell library contained the following spells:

 Spells                   Type           Power      Damage    Failure   Level
 Animate Skeleton         Necr           0%         N/A       56%         1
 Pain                     Necr           0%         1d4       56%         1
 Corpse Rot               Necr/Air       0%         N/A       71%         2
 Dazzling Flash           Conj/Hex       0%         N/A       90%         3
 Vampiric Draining        Necr           0%         2d6       90%         3
 Dispel Undead            Necr           0%         3d6       100%        4
 Iskenderun's Mystic Bla  Conj/Tloc      0%         2d3       100%        4
 Death Channel            Necr           0%         N/A       100%        6
 Starburst                Conj/Fire      0%         6d3       100%        6


Dungeon Overview and Level Annotations

Branches:
Dungeon (5/15)
 Temple: D:4-7

Altars:

Shops:
D:3 *


Innate Abilities, Weirdness & Mutations

You thrive by killing the living.
You are immune to poison.
You have sharp fingernails.
Your flesh is cold resistant. (rC+)
You are immune to negative energy. (rN+++)
You do not regenerate when monsters are visible.
You are immune to unholy pain and torment.


Message History

You block the vampire mosquito's attack.
The vampire mosquito barely misses you. The vampire mosquito barely misses you.
The vampire mosquito bites you. The vampire mosquito barely misses you.
The vampire mosquito bites you!
* * * LOW HITPOINT WARNING * * *
Found a chain mail and a purple potion.
The vampire mosquito bites you.
* * * LOW HITPOINT WARNING * * *
The vampire mosquito barely misses you.
You block the vampire mosquito's attack.
The vampire mosquito bites you but does no damage.
Found a stone staircase leading up.
The vampire mosquito closely misses you.
The vampire mosquito bites you.
* * * LOW HITPOINT WARNING * * *
You block the vampire mosquito's attack.
The vampire mosquito closely misses you.
The vampire mosquito closely misses you.
The vampire mosquito closely misses you.
There is a stone staircase leading up here.
You climb upwards.
There is a stone staircase leading down here.
You feel much better. The vampire mosquito bites you. x2
You scratch the vampire mosquito.
The vampire mosquito is lightly damaged.
The vampire mosquito barely misses you.
The vampire mosquito closely misses you.
You scratch the vampire mosquito.
The vampire mosquito is moderately damaged.
The vampire mosquito barely misses you. The vampire mosquito bites you.
You miss the vampire mosquito.
The vampire mosquito is moderately damaged.
The vampire mosquito bites you!
* * * LOW HITPOINT WARNING * * *
You miss the vampire mosquito.
The vampire mosquito is moderately damaged.
The vampire mosquito bites you.
* * * LOW HITPOINT WARNING * * *
The vampire mosquito bites you!
You die...

###### ########### ####
######....#####.........# ...#
#.............#.........###
.).####.............#.........#..
....................#...........#
.............##.....#######'##...
.......##...........#...# #.##...
................@...#...# #.#....
.........#.......y..#...# #.#....
.........#......)...#...###.#.###
##.......#.......####.....#.#....
##.......#....##.####.....#.#####
+.....(.##.......#...............
#.......##...##..#..........###..
#.......###'###.......#########.#
.....#####S.....................#


You could see a vampire mosquito.

Vanquished Creatures
  2 jellies (D:2)
  2 orc wizards (D:3)
  2 iguanas (D:4)
  Terence (D:2)
  6 gnolls
  7 adders
  An adder skeleton (D:4)
  3 dart slugs
  6 orcs
  11 endoplasms
  4 giant cockroaches
  5 goblins
  2 hobgoblins
  3 quokkas
  16 ball pythons
  4 bats
  4 frilled lizards
  16 kobolds
  9 rats
  A bush (D:3)
105 creatures vanquished.

Vanquished Creatures (others)
  A fungus (D:2)
  4 toadstools (D:2)
5 creatures vanquished.

Grand Total: 110 creatures vanquished

Notes
Turn   | Place    | Note
-------+----------+-------------------------------------------
     0 | D:1      | Jerry the Ghoul Fighter began the quest for the Orb.
     0 | D:1      | Reached XP level 1. HP: 19/19 MP: 0/0
    99 | D:1      | Reached XP level 2. HP: 26/26 MP: 1/1
   644 | D:1      | Reached XP level 3. HP: 31/31 MP: 2/2
  1058 | D:2      | Reached XP level 4. HP: 23/40 MP: 3/3
  1523 | D:2      | Reached skill level 4 in Fighting
  1544 | D:2      | Noticed Terence
  1555 | D:2      | Killed Terence
  1750 | D:2      | Reached XP level 5. HP: 32/46 MP: 4/4
  2675 | D:3      | Reached XP level 6. HP: 53/53 MP: 5/5
  2779 | D:3      | Found Caop's General Store.
  3292 | D:4      | Identified the +1 robe of Divine Intervention {rN+++ Regen+
                  | Dex-2}
  3698 | D:4      | Reached skill level 5 in Fighting
  3911 | D:5      | Entered Level 5 of the Dungeon
  3913 | D:5      | Noticed a vampire mosquito
  3915 | D:5      | Noticed a vampire mosquito
  3917 | D:5      | Noticed a vampire mosquito
  3936 | D:4      | Slain by a vampire mosquito

Illustrated notes

Levels and vault maps discovered:
D:1:      dpeg_arrival_tiny_d, layout_loops_corners, hex_tiny, st_stairs_4,
          minmay_misc_feat_hallway
D:2:      cheibrodos_fertilizer, layout_rooms, serial_co_window_serial,
          co_window_corner_a, co_window_paths_a, co_window_paths_b,
          co_window_of_opportunity_a, co_window_of_opportunity_a,
          co_window_of_opportunity_a, co_window_corner_a, co_window_cross_3,
          co_window_corner_ca, co_window_corner_cb, co_window_corner_ca,
          co_window_paths_d, co_window_paths_e, glass_columns_c,
          glass_columns_b, glass_columns_a, glass_columns_b, uniq_terence
D:3:      layout_basic, serial_shops,
          nicolae_shop_temple_entry_statues_fountains, minmay_hedge_maze,
          minmay_snake_closets
D:4:      layout_basic
D:5:      layout_loops_cross, minmay_temple_entry_proselytizer, uniq_duvessa,
          uniq_prince_ribbit1, uniq_edmund

Skill      XL: |  1  2  3  4  5  6 |
---------------+-------------------+-----
Shields        | 3 4 |  4.1
Armour         | 3 4 |  4.1
Unarmed Combat | 3 4 |  4.3
Fighting       | 4 5 |  5.0

Action                   |  1- 3 |  4- 6 || total
-------------------------+-------+-------++-------
Melee: Unarmed           |    85 |   342 ||   427
  Use: Scroll            |       |    12 ||    12
       Potion            |       |     1 ||     1
Armor: Scale mail        |    31 |    81 ||   112
       Robe              |       |     3 ||     3
Dodge: Dodged            |    36 |   107 ||   143
Block: Buckler           |    14 |    45 ||    59
